TOP OF THE 1ST |
Nantucket Orcas batting - Pitching for El Paso Texans : RHP Armando Rodríguez
|
Pitching: RHP Armando Rodríguez
|
|
Batting: RHB Charlie Pérez
|
0-0: Called Strike 0-1: Ball 1-1: Ball 2-1: Foul Ball, location: 2F 2-2: Strikes out swinging
|
Batting: RHB Demetrio Inrouville
|
0-0: DOUBLE (Line Drive, 78S)
|
Batting: LHB Eugene Lee
|
0-0: Ball 1-0: Ball 2-0: Called Strike 2-1: Foul Ball, location: 2F 2-2: Fly out, F9 (Flyball, 89S)
|
Batting: RHB Paul Bell
|
0-0: DOUBLE (Line Drive, 78D) Demetrio Inrouville scores
|
Batting: RHB Matt Dundee
|
0-0: Ground out 6-3 (Groundball, 6)
|
Top of the 1st over - 1 run, 2 hits, 0 errors, 1 left on base; Nantucket 1 - El Paso 0 |
BOTTOM OF THE 1ST |
El Paso Texans batting - Pitching for Nantucket Orcas : RHP John Arnold
|
Pitching: RHP John Arnold
|
|
Batting: SHB António Cervantes
|
0-0: Ball 1-0: Fly out, F8 (Line Drive, 89M)
|
Batting: LHB António Fonseca
|
0-0: Ball 1-0: Called Strike 1-1: Ball 2-1: Fly out, F7 (Line Drive, 7LM)
|
Batting: LHB Cipriano Rangel
|
0-0: Ball 1-0: Ball 2-0: Ball 3-0: Base on Balls
|
Batting: LHB Gus Price
|
0-0: Called Strike 0-1: Ball 1-1: Fly out, F8 (Flyball, 8RXD)
|
Bottom of the 1st over - 0 runs, 0 hits, 0 errors, 1 left on base; Nantucket 1 - El Paso 0 |
TOP OF THE 2ND |
Nantucket Orcas batting - Pitching for El Paso Texans : RHP Armando Rodríguez
|
Batting: SHB Cristián Salazar
|
0-0: Foul Ball, location: 2F 0-1: Ball 1-1: Called Strike 1-2: SINGLE (Groundball, 4M) (infield hit)
|
Batting: RHB Curt O'Brian
|
0-0: Ball 1-0: Called Strike 1-1: Foul Ball, location: 2F 1-2: Foul Ball, location: 2F 1-2: Ball 2-2: Foul Ball, location: 2F 2-2: Foul Ball, location: 2F 2-2: SINGLE (Groundball, 56D) Cristián Salazar to second
|
Batting: RHB Luis Cruz
|
0-0: Fly out, F4 (Popup, 3D)
|
Batting: RHB Juan Gómez
|
0-0: Ball 1-0: Swinging Strike 1-1: Called Strike Cristián Salazar steals 3rd base 1-2: Foul Ball, location: 2F 1-2: Fly out, F5 (Popup, 25F)
|
Batting: RHB Charlie Pérez
|
0-0: Swinging Strike 0-1: Ball 1-1: Ball 2-1: SINGLE (Groundball, 34D) Cristián Salazar scores Curt O'Brian to second Runner from 2nd tries for 3rd, SAFE, no throw
|
Batting: RHB Demetrio Inrouville
|
0-0: Ball 1-0: Ground out 1-3 (Groundball, 13S)
|
Top of the 2nd over - 1 run, 3 hits, 0 errors, 2 left on base; Nantucket 2 - El Paso 0 |
BOTTOM OF THE 2ND |
El Paso Texans batting - Pitching for Nantucket Orcas : RHP John Arnold
|
Batting: LHB Ismael Báez
|
0-0: Called Strike 0-1: Ball 1-1: Ground out 4-3 (Groundball, 4)
|
Batting: LHB Ramón Ortega
|
0-0: Foul Ball, location: 2F 0-1: Foul Ball, location: 2F 0-2: Ball 1-2: Strikes out looking
|
Batting: RHB Manny Holguín
|
0-0: SINGLE (Line Drive, 6MD)
|
Batting: RHB Chris Smith
|
0-0: Ball Manny Holguín steals 2nd base 1-0: Called Strike 1-1: Ball 2-1: Ball 3-1: Base on Balls
|
Batting: RHB Ed McVinish
|
0-0: Ground out 4-3 (Groundball, 34)
|
Bottom of the 2nd over - 0 runs, 1 hit, 0 errors, 2 left on base; Nantucket 2 - El Paso 0 |
TOP OF THE 3RD |
Nantucket Orcas batting - Pitching for El Paso Texans : RHP Armando Rodríguez
|
Batting: LHB Eugene Lee
|
0-0: Called Strike 0-1: Foul Ball, location: 2F 0-2: Ball 1-2: Hit by Pitch
|
Batting: RHB Paul Bell
|
0-0: Called Strike Eugene Lee steals 2nd base 0-1: Swinging Strike 0-2: Ground out 5-3 (Groundball, 5S) Eugene Lee to third
|
Batting: RHB Matt Dundee
|
0-0: Ball 1-0: Ball 2-0: Ball 3-0: Called Strike 3-1: Foul Ball, location: 2F 3-2: TRIPLE (Line Drive, 8LXD) Eugene Lee scores
|
Batting: SHB Cristián Salazar
|
0-0: Foul Ball, location: 2F 0-1: Ball 1-1: Ground out 4-3 (Groundball, 34) Matt Dundee scores
|
Batting: RHB Curt O'Brian
|
0-0: SINGLE (Groundball, 6D)
|
Batting: RHB Luis Cruz
|
0-0: Ball 1-0: Foul Ball, location: 2F 1-1: Called Strike 1-2: Ball Curt O'Brian steals 2nd base 2-2: Foul Ball, location: 2F 2-2: Foul Ball, location: 2F 2-2: Foul Ball, location: 2F 2-2: Ball 3-2: Base on Balls
|
Batting: RHB Juan Gómez
|
0-0: Ball 1-0: Ball 2-0: Ball 3-0: Called Strike 3-1: Base on Balls Curt O'Brian to third Luis Cruz to second
|
Batting: RHB Charlie Pérez
|
0-0: Ball 1-0: Ball 2-0: Ball 3-0: Base on Balls Curt O'Brian scores Luis Cruz to third Juan Gómez to second
|
Batting: RHB Demetrio Inrouville
|
0-0: Called Strike 0-1: Ball 1-1: Foul Ball, location: 2F 1-2: Foul Ball, location: 2F 1-2: Strikes out looking
|
Top of the 3rd over - 3 runs, 2 hits, 0 errors, 3 left on base; Nantucket 5 - El Paso 0 |
BOTTOM OF THE 3RD |
El Paso Texans batting - Pitching for Nantucket Orcas : RHP John Arnold
|
Batting: SHB António Cervantes
|
0-0: Fly out, F7 (Flyball, 7S)
|
Batting: LHB António Fonseca
|
0-0: Foul Ball, location: 2F 0-1: Ground out 1-3 (Groundball, 13S)
|
Batting: LHB Cipriano Rangel
|
0-0: Swinging Strike 0-1: SINGLE (Groundball, 4D)
|
Batting: LHB Gus Price
|
0-0: Swinging Strike 0-1: Hit by Pitch Cipriano Rangel to second
|
Batting: LHB Ismael Báez
|
0-0: Called Strike 0-1: Foul Ball, location: 2F 0-2: Strikes out swinging
|
Bottom of the 3rd over - 0 runs, 1 hit, 0 errors, 2 left on base; Nantucket 5 - El Paso 0 |
TOP OF THE 4TH |
Nantucket Orcas batting - Pitching for El Paso Texans : RHP Armando Rodríguez
|
Batting: LHB Eugene Lee
|
0-0: Ball 1-0: Ball 2-0: Ball 3-0: Base on Balls
|
Batting: RHB Paul Bell
|
0-0: Ball 1-0: Ball 2-0: Foul Ball, location: 2F 2-1: SINGLE (Flyball, 56D) Eugene Lee to second Runner from 2nd tries for 3rd, SAFE, throw made at trailing runner, OUT!
|
Batting: RHB Matt Dundee
|
0-0: Called Strike 0-1: SINGLE (Groundball, 4MD) Eugene Lee scores
|
Batting: SHB Cristián Salazar
|
0-0: Called Strike 0-1: Swinging Strike 0-2: Ball 1-2: Foul Ball, location: 2F 1-2: Reached on error, E1 (Groundball, 13S) Matt Dundee to second
|
Batting: RHB Curt O'Brian
|
0-0: Ball 1-0: Called Strike 1-1: Fielders Choice at 2nd, 6-4 (Groundball, 6) Matt Dundee to third
|
Batting: RHB Luis Cruz
|
0-0: Ball 1-0: Swinging Strike 1-1: Foul Ball, location: 2F 1-2: Ball 2-2: Strikes out swinging
|
Top of the 4th over - 1 run, 2 hits, 1 error, 2 left on base; Nantucket 6 - El Paso 0 |
BOTTOM OF THE 4TH |
El Paso Texans batting - Pitching for Nantucket Orcas : RHP John Arnold
|
Batting: LHB Ramón Ortega
|
0-0: Called Strike 0-1: Swinging Strike 0-2: Ball 1-2: Strikes out swinging
|
Batting: RHB Manny Holguín
|
0-0: Ball 1-0: Ball 2-0: Ball 3-0: Base on Balls
|
Batting: RHB Chris Smith
|
0-0: Ball Manny Holguín is caught stealing 2nd base 1-0: Swinging Strike 1-1: Ground out 6-3 (Groundball, 6)
|
Bottom of the 4th over - 0 runs, 0 hits, 0 errors, 0 left on base; Nantucket 6 - El Paso 0 |
TOP OF THE 5TH |
Nantucket Orcas batting - Pitching for El Paso Texans : RHP Armando Rodríguez
|
Pitching: RHP Oscar Martin
|
|
Batting: RHB Juan Gómez
|
0-0: Ball 1-0: Called Strike 1-1: Ball 2-1: Ball 3-1: Base on Balls
|
Batting: RHB Charlie Pérez
|
0-0: Called Strike 0-1: Ball 1-1: Ball 2-1: Foul Ball, location: 2F 2-2: Strikes out swinging
|
Batting: RHB Demetrio Inrouville
|
0-0: Grounds into double play, 1-6-3 (Groundball, P)
|
Top of the 5th over - 0 runs, 0 hits, 0 errors, 0 left on base; Nantucket 6 - El Paso 0 |
BOTTOM OF THE 5TH |
El Paso Texans batting - Pitching for Nantucket Orcas : RHP John Arnold
|
Batting: RHB Ed McVinish
|
0-0: SOLO HOME RUN (Flyball, 7LD), Distance : 376 ft
|
Batting: SHB António Cervantes
|
0-0: Foul Ball, location: 2F 0-1: Called Strike 0-2: Strikes out looking
|
Batting: LHB António Fonseca
|
0-0: Called Strike 0-1: Ball 1-1: Ball 2-1: Ball 3-1: Foul Ball, location: 2F 3-2: Foul Ball, location: 2F 3-2: Base on Balls
|
Batting: LHB Cipriano Rangel
|
0-0: Called Strike 0-1: Ball 1-1: Fielders Choice at 2nd, 5-4 (Groundball, 56)
|
Batting: LHB Gus Price
|
0-0: Called Strike 0-1: Ball 1-1: Swinging Strike 1-2: Strikes out swinging
|
Bottom of the 5th over - 1 run, 1 hit, 0 errors, 1 left on base; Nantucket 6 - El Paso 1 |
TOP OF THE 6TH |
Nantucket Orcas batting - Pitching for El Paso Texans : RHP Oscar Martin
|
Batting: LHB Eugene Lee
|
0-0: Ball 1-0: Swinging Strike 1-1: Foul Ball, location: 2F 1-2: Foul Ball, location: 2F 1-2: Ball 2-2: Strikes out swinging
|
Batting: RHB Paul Bell
|
0-0: Ground out 5-3 (Groundball, 5)
|
Batting: RHB Matt Dundee
|
0-0: Ball 1-0: Foul Ball, location: 2F 1-1: Ground out 5-3 (Groundball, 56S)
|
Top of the 6th over - 0 runs, 0 hits, 0 errors, 0 left on base; Nantucket 6 - El Paso 1 |
BOTTOM OF THE 6TH |
El Paso Texans batting - Pitching for Nantucket Orcas : RHP John Arnold
|
Batting: LHB Ismael Báez
|
0-0: Called Strike 0-1: Ball 1-1: Swinging Strike 1-2: Ball 2-2: Ball 3-2: Base on Balls
|
Pitching: RHP Jason Willis
|
|
Batting: LHB Ramón Ortega
|
0-0: Ball 1-0: Called Strike 1-1: Ball 2-1: Foul Ball, location: 2F 2-2: Grounds into double play, 4-6-3 (Groundball, 4)
|
Batting: RHB Manny Holguín
|
0-0: Ball 1-0: Ground out 6-3 (Groundball, 6)
|
Bottom of the 6th over - 0 runs, 0 hits, 0 errors, 0 left on base; Nantucket 6 - El Paso 1 |
TOP OF THE 7TH |
Nantucket Orcas batting - Pitching for El Paso Texans : RHP Oscar Martin
|
Batting: SHB Cristián Salazar
|
0-0: Called Strike 0-1: Ball 1-1: Ball 2-1: Swinging Strike 2-2: Ball 3-2: Strikes out swinging
|
Batting: RHB Curt O'Brian
|
0-0: Called Strike 0-1: Foul Ball, location: 2F 0-2: Ball 1-2: Strikes out swinging
|
Batting: RHB Luis Cruz
|
0-0: Ball 1-0: Ball 2-0: Ground out 4-3 (Groundball, 4)
|
Top of the 7th over - 0 runs, 0 hits, 0 errors, 0 left on base; Nantucket 6 - El Paso 1 |
BOTTOM OF THE 7TH |
El Paso Texans batting - Pitching for Nantucket Orcas : RHP Jason Willis
|
Batting: RHB Chris Smith
|
0-0: Ball 1-0: Foul Ball, location: 2F 1-1: Called Strike 1-2: Strikes out swinging
|
Batting: RHB Ed McVinish
|
0-0: Ball 1-0: Called Strike 1-1: SINGLE (Groundball, 56D)
|
Batting: SHB António Cervantes
|
0-0: Called Strike 0-1: Ball 1-1: Ball 2-1: Fielders Choice at 2nd, 4-6 (Groundball, 4)
|
Batting: LHB António Fonseca
|
0-0: Ball António Cervantes steals 2nd base 1-0: Ball 2-0: Foul Ball, location: 2F 2-1: Ball 3-1: Ground out 4-3 (Groundball, 4)
|
Bottom of the 7th over - 0 runs, 1 hit, 0 errors, 1 left on base; Nantucket 6 - El Paso 1 |
TOP OF THE 8TH |
Nantucket Orcas batting - Pitching for El Paso Texans : RHP Oscar Martin
|
Pitching: RHP Derek Baker
|
|
Batting: RHB Juan Gómez
|
0-0: Ball 1-0: Ball 2-0: Ball 3-0: Base on Balls
|
Batting: RHB Charlie Pérez
|
0-0: Called Strike 0-1: Ball 1-1: Ball 2-1: Foul Ball, location: 2F 2-2: Strikes out swinging
|
Batting: RHB Demetrio Inrouville
|
0-0: Ball 1-0: Foul Ball, location: 2F 1-1: Ball 2-1: Fielders Choice at 2nd, 1-4 (Groundball, 15)
|
Batting: LHB Eugene Lee
|
0-0: Foul Ball, location: 2F 0-1: Ball 1-1: Foul Ball, location: 2F 1-2: Ball Demetrio Inrouville is caught stealing 2nd base
|
Top of the 8th over - 0 runs, 0 hits, 0 errors, 0 left on base; Nantucket 6 - El Paso 1 |
BOTTOM OF THE 8TH |
El Paso Texans batting - Pitching for Nantucket Orcas : RHP Jason Willis
|
Batting: LHB Cipriano Rangel
|
0-0: Fly out, F4 (Line Drive, 4)
|
Batting: LHB Gus Price
|
0-0: Ball 1-0: Ball 2-0: Swinging Strike 2-1: Ball 3-1: SOLO HOME RUN (Flyball, 9D), Distance : 389 ft
|
Batting: LHB Ismael Báez
|
0-0: Ball 1-0: Ball 2-0: Foul Ball, location: 2F 2-1: Fly out, F8 (Flyball, 8RD)
|
Batting: LHB Ramón Ortega
|
0-0: Ball 1-0: Ball 2-0: Ball 3-0: Called Strike 3-1: SINGLE (Groundball, 34D)
|
Batting: RHB Manny Holguín
|
0-0: Called Strike 0-1: Swinging Strike 0-2: Ball 1-2: Fly out, F9 (Flyball, 9D)
|
Bottom of the 8th over - 1 run, 2 hits, 0 errors, 1 left on base; Nantucket 6 - El Paso 2 |
TOP OF THE 9TH |
Nantucket Orcas batting - Pitching for El Paso Texans : RHP Derek Baker
|
Batting: LHB Eugene Lee
|
0-0: Ball 1-0: Ball 2-0: Ball 3-0: Called Strike 3-1: Base on Balls
|
Batting: RHB Paul Bell
|
0-0: Ball 1-0: SINGLE (Line Drive, 56D) Eugene Lee to second
|
Batting: RHB Matt Dundee
|
0-0: 3-RUN HOME RUN (Flyball, 78XD), Distance : 411 ft
|
Batting: SHB Cristián Salazar
|
0-0: Called Strike 0-1: Swinging Strike 0-2: Ball 1-2: Ball 2-2: Ball 3-2: Ground out 4-3 (Groundball, 4)
|
Batting: RHB Curt O'Brian
|
0-0: Swinging Strike 0-1: Ball 1-1: Ground out 4-3 (Groundball, 4D)
|
Batting: RHB Luis Cruz
|
0-0: Ball 1-0: Ground out 5-3 (Groundball, 56)
|
Top of the 9th over - 3 runs, 2 hits, 0 errors, 0 left on base; Nantucket 9 - El Paso 2 |
BOTTOM OF THE 9TH |
El Paso Texans batting - Pitching for Nantucket Orcas : RHP Jason Willis
|
Batting: RHB Chris Smith
|
0-0: Ball 1-0: Called Strike 1-1: Swinging Strike 1-2: Ball 2-2: Ground out U3 (Groundball, 3)
|
Batting: RHB Ed McVinish
|
0-0: Called Strike 0-1: Called Strike 0-2: Ball 1-2: Ball 2-2: Foul Ball, location: 2F 2-2: Foul Ball, location: 2F 2-2: Strikes out swinging
|
Batting: SHB António Cervantes
|
0-0: Foul Ball, location: 2F 0-1: Swinging Strike 0-2: Ground out U3 (Groundball, 3)
|
Bottom of the 9th over - 0 runs, 0 hits, 0 errors, 0 left on base; Nantucket 9 - El Paso 2 |
|